 Dungeon Crawl Stone Soup version 0.29-a0-207-gf982a884d8 (webtiles) character file.

Game seed: 17832890080553954491

74960 mcwallace the Frost Mage (level 15, -2/107 HPs)
             Began as a Demonspawn Ice Elementalist on Feb 23, 2022.
             Was an Elder of Vehumet.
             Slain by a rockslime (20 damage)
             ... on level 6 of the Lair of Beasts on Feb 24, 2022.
             The game lasted 02:18:20 (35570 turns).

mcwallace the Frost Mage (DsIE)                    Turns: 35570, Time: 02:18:21

Health: -2/107     AC: 25    Str:  9    XL:     15   Next: 8%
Magic:  0/28       EV: 11    Int: 22    God:    Vehumet [****..]
Gold:   1594       SH:  0    Dex: 13    Spells: 5/32 levels left

rFire   + + .      SeeInvis +   Q - +3 whip of Quahihei {venom, rPois Will++, mace}
rCold   + . .      Faith    .   v - orb {light}
rNeg    + . .      Spirit   +   j - +4 scale mail {rF+}
rPois   +          Reflect  .   W - +1 hat {SInv}
rElec   .          Harm     .   m - scarf {rC+ rF+}
rCorr   +          Rampage  .   F - +2 pair of gloves
Will    +++..      Rage     1%  E - +1 pair of boots of Jaits {Fly rF- rN+ rCorr Stlth+}
Stlth   +.........              r - amulet of guardian spirit
HPRegen 0.27/turn               e - +4 ring of protection
MPRegen 0.21/turn               d - ring of wizardry

@: marked, flying, hasted, glowing, very quick
A: antennae 2, yellow scales 1, demonic guardian 1, demonic magic 2, berserk 1,
clumsy 1, fire resistance 1, frail 1
a: Renounce Religion


You were on level 6 of the Lair of Beasts.
You worshipped Vehumet.
Vehumet was greatly pleased with you.
You visited 5 branches of the dungeon, and saw 22 of its levels.
You also visited: Sewer, Gauntlet and Volcano.

You collected 1959 gold pieces.
You spent 365 gold pieces at shops.


Innate Abilities, Weirdness & Mutations

You have a pair of antennae on your head.
You are partially covered in yellow scales. (AC +2)
A weak demonic guardian rushes to your aid.
Spells you cast may paralyse nearby enemies.
You tend to lose your temper in combat.
You are clumsy. (Dex -2)
Your flesh is heat resistant. (rF+)
You are frail. (-10% HP)


   Skills:
 + Level 11.2 Fighting
 + Level 9.5 Armour
 + Level 10.6 Dodging
 - Level 1.7 Stealth
 - Level 7.7 Shields
 - Level 9.0 Spellcasting
 + Level 9.6 Conjurations
 + Level 13.1 Ice Magic
 - Level 5.9 Evocations


You had 5 spell levels left.
You knew the following spells:

 Your Spells              Type           Power      Damage    Failure   Level
a - Freeze                Ice            100%       1d11      1%          1
b - Frozen Ramparts       Ice            100%       1d12      1%          3
c - Ozocubu's Armour      Ice            61%        N/A       1%          3
d - Inner Flame           Hex/Fire       9%         N/A       12%         3
e - Freezing Cloud        Conj/Ice/Air   21%        6-21      5%          5
f - Iskenderun's Battles  Conj           51%        2d10      2%          5
g - Ozocubu's Refrigerat  Ice            30%        4d11      14%         7

Your spell library contained the following spells:

 Spells                   Type           Power      Damage    Failure   Level
 Shock                    Conj/Air       100%       1d9       1%          1
 Ensorcelled Hibernation  Hex/Ice        76%        N/A       1%          2
 Dazzling Flash           Conj/Hex       62%        N/A       1%          3
 Hailstorm                Conj/Ice       56%        3d12      1%          4
 Mephitic Cloud           Conj/Pois/Air  24%        N/A       3%          3
 Poisonous Vapours        Pois/Air       18%        N/A       6%          2
 Fulminant Prism          Conj/Hex       15%        3d11      6%          4
 Iskenderun's Mystic Bla  Conj/Tloc      31%        2d8       6%          4
 Ignite Poison            Fire/Tmut/Pois 9%         N/A       12%         3
 Slow                     Hex            36%        N/A       14%         1
 Sting                    Tmut/Pois      36%        1d4       14%         1
 Blink                    Tloc           18%        N/A       21%         2
 Airstrike                Air            4%         N/A       32%         4
 Olgreb's Toxic Radiance  Pois           9%         N/A       32%         4
 Confusing Touch          Hex            9%         N/A       38%         3
 Gell's Gravitas          Tloc           9%         N/A       38%         3
 Lesser Beckoning         Tloc           9%         N/A       38%         3
 Spider Form              Tmut/Pois      9%         N/A       38%         3
 Swiftness                Air            9%         N/A       38%         3
 Teleport Other           Tloc           9%         N/A       38%         3
 Vampiric Draining        Necr           9%         2d6       38%         3
 Lee's Rapid Deconstruct  Erth           4%         3d6*      63%         5
 Anguish                  Hex/Necr       4%         N/A       77%         4
 Agony                    Necr           9%         N/A       98%         5
 Manifold Assault         Tloc           9%         N/A       98%         5
 Silence                  Hex/Air        4%         N/A       98%         5
 Storm Form               Tmut/Air       4%         N/A       100%        7

Inventory:

Hand Weapons
 a - a +4 scimitar of flaming {long}
   (You took it off Erica on level 11 of the Dungeon)
 p - a +2 spear of freezing {polearm}
   (You took it off a wight on level 8 of the Dungeon)
 A - a +1 demon whip of venom {mace}
   (You took it off Amaemon on level 2 of the Lair of Beasts)
 G - a +2 vampiric short sword {short}
   (You took it off a kobold on level 3 of the Dungeon)
 J - a +2 scimitar of flaming {long}
   (You took it off Azrael on level 2 of the Orcish Mines)
 Q - the +3 whip of Quahihei (weapon) {venom, rPois Will++, mace}
   (You took it off an orc on level 2 of the Orcish Mines)

   It poisons the flesh of those it strikes.
   rPois:     It protects you from poison.
   Will:      It greatly increases your willpower.
 Z - a +2 war axe of electrocution {axe}
   (You found it on level 5 of the Dungeon)
Missiles
 f - 17 poisoned darts (quivered) {throwing}
Armour
 j - a +4 scale mail of fire resistance (worn)
   (You found it in a volcano)
 m - a scarf of resistance (worn)
   (You found it on level 1 of the Dungeon)
 v - an orb of light (worn)
   (You found it on level 1 of the Lair of Beasts)
 E - the +1 pair of boots of Jaits (worn) {Fly rF- rN+ rCorr Stlth+}
   (You found it in a Gauntlet)

   rF:        It makes you vulnerable to fire.
   rN:        It protects you from negative energy.
   Fly:       It grants you flight.
   rCorr:     It protects you from acid and corrosion.
   Stlth:     It makes you more stealthy.
 F - a +2 pair of gloves (worn)
   (You found it on level 3 of the Dungeon)
 W - a +1 hat of see invisible (worn)
   (You found it in a Gauntlet)
Magical Staves
 n - a staff of cold {!astaff}
   (You took it off Fannar on level 2 of the Lair of Beasts)
Jewellery
 d - a ring of wizardry (right hand)
   (You found it on level 3 of the Lair of Beasts)
 e - a +4 ring of protection (left hand)
   (You found it on level 1 of the Dungeon)
 i - a ring of positive energy
   (You found it on level 1 of the Dungeon)
 q - a ring of protection from fire
   (You found it in a Gauntlet)
 r - an amulet of guardian spirit (around neck)
   (You found it on level 4 of the Lair of Beasts)
 u - a ring of fire
   (You found it on level 11 of the Dungeon)
 K - a ring of protection from fire
   (You found it on level 3 of the Dungeon)
 R - a ring of see invisible
   (You found it on level 5 of the Lair of Beasts)
 Y - a +6 ring of dexterity
   (You found it on level 5 of the Lair of Beasts)
Wands
 b - a wand of flame (15)
   (You found it on level 5 of the Dungeon)
 l - a wand of iceblast (4)
   (You found it on level 2 of the Lair of Beasts)
 M - a wand of digging (32)
   (You found it on level 8 of the Dungeon)
 T - a wand of charming (6)
   (You found it on level 6 of the Dungeon)
 V - a wand of paralysis (13)
   (You found it on level 6 of the Dungeon)
Scrolls
 g - 6 scrolls of teleportation {@r4}
 o - a scroll of magic mapping {!r}
 t - a scroll of vulnerability {!r!r}
 x - 4 scrolls of fog
 C - 3 scrolls of amnesia
 D - 2 scrolls of holy word {!r}
 U - 4 scrolls of immolation {!r!r}
Potions
 c - 2 potions of ambrosia
 h - a potion of heal wounds {@q2}
 k - 4 potions of brilliance
 s - 7 potions of attraction {!q}
 w - a potion of resistance {unknown}
 y - a potion of might
 z - 10 potions of flight
 H - 3 potions of haste {@q3}
 I - a potion of degeneration {unknown}
 L - a potion of magic {unknown}
 N - 2 potions of curing {@q1}
 O - a potion of cancellation {unknown}
 P - a potion of invisibility
 S - 3 potions of lignification {!q}
Miscellaneous
 B - a phantom mirror (inert)
   (You found it on level 2 of the Lair of Beasts)

Dungeon Overview and Level Annotations

Branches:
Dungeon (12/15)            Temple (1/1) D:7            Lair (6/6) D:8
 Shoals (0/4) Lair:2        Snake (0/4) Lair:4        Slime (1/5) Lair:6
    Orc (2/2) D:9             Elf (0/3) Orc:2         Sewer (visited)
Volcano (visited)         Gauntlet (visited)

Altars:
Ashenzari
Cheibriados
Dithmenos
Elyvilon
Fedhas
Gozag
Hepliaklqana
Kikubaaqudgha
Makhleb
Nemelex Xobeh
Okawaru
Qazlal
Sif Muna
Trog
Uskayaw
Vehumet
Wu Jian
Xom
Yredelemnul
Zin
Beogh

Shops:
D:2 (   D:6 ?**   D:7 [   Orc:2 :*[!

Annotations:
D:2 1 exclusion, Sigmund
D:6 exclusion: two-headed ogre
Lair:1 exclusion: hydra
Lair:2 exclusion: ice statue

############ ####
#.##.##[#..########
#P.###...........##.#..#
####..#.................##
##..............@.J5....###
#P...............J........#
.....................J..#.# ###
...#..#............###J.### #.#
..##..........)...###..## #.##
.P##.P....#P.......##JJ#######..#
..#..P#..........#..#..P##.......
..#...PP..........#..#..#........
......P........................(.


You could see 2 slime creatures, a rockslime, a quicksilver ooze (ally target)
and a friendly shadow imp (summoned).


Message History

The wall freezes the slime creature!
The wall freezes the quicksilver ooze.
The quicksilver ooze hits you!
The quicksilver ooze hits you but does no damage. 😮 HP[-11] MP[-4]
You take 11 damage, and now have 65/107 hp.
You lost 4 mp, and now have 9/28 mp.
You cannot cast spells while unable to breathe!
You hit the quicksilver ooze.
Your lungs strain for air!
The wall freezes the quicksilver ooze.
The quicksilver ooze hits you. x2
You feel your power leaking away.
The wall freezes the slime creature. x2
The wall freezes the large slime creature.
The wall freezes the quicksilver ooze.
The quicksilver ooze misses you.
The quicksilver ooze hits you but does no damage.
The wall freezes the slime creature!
Two slime creatures merge to form a large slime creature. 😮 HP[-10] MP[-9]
You take 10 damage, and now have 55/107 hp.
You lost 9 mp, and now have 0/28 mp.
You cannot read scrolls while unable to breathe!
Unknown command.
Your orb glows too brightly to become invisible.
Unknown command.
Aiming: Charm
Press: ? - help, Q - select action, (/) - cycle Shift-Dir - straight line, f - large slime creature
Aim: a large slime creature (moderately wounded, haloed, chance to affect: 46%)
The large slime creature is charmed.
* * * LOW HITPOINT WARNING * * *
Your lungs strain for air!
The wall freezes the quicksilver ooze.
The quicksilver ooze hits you. The quicksilver ooze barely misses you.
The wall freezes the large slime creature!
The large slime creature hits your large slime creature!! 😨 HP[-6]
You take 6 damage, and now have 49/107 hp.
Your frozen ramparts will break if you move.
Continue? [Y]es or [N]o only, please.
Your frozen ramparts will break if you move.
Continue?
Okay, then.
What are your orders? t - Shout!
Orders for allies: a - Attack new target. p - Attack previous target. r - Retreat! s - Stop attacking. g - Guard the area. f - Follow me.
Anything else - Cancel.
Gang up on whom?
Press: ? - help, Dir - move target, f - quicksilver ooze, p - large slime creature
Aim: a quicksilver ooze (moderately wounded, haloed) Attack!
* * * LOW HITPOINT WARNING * * *
Your lungs strain for air!
The wall freezes the quicksilver ooze.
The quicksilver ooze closely misses you.
The quicksilver ooze hits you but does no damage.
The wall freezes the large slime creature.
A large slime creature splits.
The wall freezes the quicksilver ooze.
The quicksilver ooze hits you.
The quicksilver ooze misses you. 😨 HP[-7]
You take 7 damage, and now have 42/107 hp.
You hit the quicksilver ooze.
* * * LOW HITPOINT WARNING * * *
Your lungs strain for air!
The wall freezes the quicksilver ooze.
The quicksilver ooze hits you.
* * * LOW HITPOINT WARNING * * *
The quicksilver ooze hits you but does no damage.
Your large slime creature barely misses the quicksilver ooze.
The wall freezes the slime creature.
The slime creature hits your large slime creature!!
The wall freezes the slime creature.
The slime creature hits your large slime creature!
The wall freezes the quicksilver ooze.
The quicksilver ooze barely misses you. The quicksilver ooze hits you.
* * * LOW HITPOINT WARNING * * *
😱 HP[-16]
You take 16 damage, and now have 26/107 hp.
Your frozen ramparts will break if you move.
Continue?
You slip free of the ooze engulfing you.
The frozen ramparts melt away as you move.
You gasp with relief as air once again reaches your lungs.
The slime creature hits something. 😱 MP[+1]
You feel yourself speed up. The quicksilver ooze hits you.
The quicksilver ooze barely misses you.
The slime creature hits something!!
You feel a bit more experienced. The quicksilver ooze hits you!
* * * LOW HITPOINT WARNING * * *
A demonic guardian appears!
The quicksilver ooze engulfs you!
The quicksilver ooze hits you but does no damage.
Something hits your slime creature. 😱 HP[-9]
You take 9 damage, and now have 17/107 hp.
You slip free of the ooze engulfing you.
You gasp with relief as air once again reaches your lungs.
Something hits your slime creature!
Your slime creature dies! 😱 HP[+1]
The quicksilver ooze closely misses you.
The quicksilver ooze barely misses you. The rockslime hits you!!
You die...

Skill      XL: |  1  2  3  4  5  6  7  8  9 10 11 12 13 14 |
---------------+-------------------------------------------+-----
Dodging        | 2 3 4 5 6 7 8 9 10 | 10.6
Fighting       | 1 2 3 4 5 6 7 8 9 10 11 | 11.2
Ice Magic      | 4 5 6 7 8 10 11 13 | 13.1
Spellcasting   | 3 4 5 6 7 8 9 |  9.0
Armour         | 3 4 5 6 7 8 9 |  9.5
Evocations     | 2 4 5 |  5.9
Conjurations   | 2 3 5 6 8 9 |  9.6
Shields        | 1 3 5 6 7 |  7.7
Stealth        | |  1.7

Action                   |  1- 3 |  4- 6 |  7- 9 | 10-12 | 13-15 || total
-------------------------+-------+-------+-------+-------+-------++-------
Melee: Long sword        |    28 |    67 |       |       |       ||    95
       Short sword       |       |    59 |    17 |       |       ||    76
       Quarterstaff      |       |    17 |       |       |       ||    17
       Punch             |       |     1 |       |     3 |       ||     4
       War axe           |       |       |   119 |   253 |    17 ||   389
       Spear             |       |       |       |   126 |       ||   126
       Demon whip        |       |       |       |   120 |   351 ||   471
       Scimitar          |       |       |       |       |   144 ||   144
       Staff             |       |       |       |       |    15 ||    15
       Whip              |       |       |       |       |    64 ||    64
Throw: Dart              |     2 |       |     3 |     3 |       ||     8
 Cast: Freeze            |    10 |       |       |     8 |       ||    18
       Frozen Ramparts   |     4 |    19 |    37 |    76 |    99 ||   235
       Ozocubu's Armour  |       |       |     4 |    35 |    17 ||    56
       Freezing Cloud    |       |       |       |     1 |    70 ||    71
       Iskenderun's Batt |       |       |       |       |     1 ||     1
       Inner Flame       |       |       |       |       |     2 ||     2
Evoke: Wand              |       |     1 |     6 |    14 |     8 ||    29
       Phantom mirror    |       |       |       |     2 |     2 ||     4
  Use: Scroll            |       |       |     8 |    18 |     9 ||    35
       Potion            |       |       |       |    13 |    11 ||    24
 Stab: Sleeping          |     2 |       |     1 |       |       ||     3
       Paralysed         |       |       |    15 |    40 |    40 ||    95
       Distracted        |       |       |       |     1 |       ||     1
Armor: Robe              |    16 |    65 |    47 |       |       ||   128
       Leather armour    |       |       |     8 |    54 |       ||    62
       Steam dragon scal |       |       |       |   107 |       ||   107
       Scale mail        |       |       |       |   232 |   630 ||   862
       Skin              |       |       |       |     4 |       ||     4
Dodge: Dodged            |    31 |    96 |   104 |   368 |   501 ||  1100

Levels and vault maps discovered:
D:1:      psy_arrival_statuary, layout_basic, serial_park_tiny_2,
          lemuel_old_faithful
D:2:      layout_loops_ring, serial_forest, infiniplex_forest_end_1,
          infiniplex_forest_lined_1, infiniplex_forest_clump_double,
          infiniplex_forest_lined_corner, infiniplex_forest_lined_2,
          serial_shops, shop, uniq_crazy_yiuf_cottage, uniq_sigmund
D:3:      layout_basic, general_overflow_altar, cheibrodos_sewer_entry_bend,
          ebering_ecumenical_altar_abandoned, minmay_misc_feat_x,
          grunt_decor_resistance, fountainhead
D:4:      layout_basic, minmay_goblin_outpost
D:5:      layout_cave_pods, mainiacjoe_overflow_large_starburst
D:6:      minmay_chambers_of_sixes, layout_basic, serial_shops,
          kennysheep_mini_moat, nicolae_specific_store, interstate_on_off
D:7:      layout_cave_pods, hangedman_ru_absence, minmay_temple_entry_hall,
          nicolae_inconvenience_store,
          hellmonk_guarded_unrand_vitality_bloodlust, uniq_pikel
D:8:      layout_loops_ring, dpeg_oklobed_lair, minmay_manual_maat, uniq_maggie
D:9:      layout_irregular_city, minmay_orc_entry_temple_small
D:10:     gammafunk_indiana_jones, layout_rooms, nicolae_overflow_hidden_temple,
          lemuel_doored_altar
D:11:     layout_loops_ring, uniq_erica, uniq_sonja
D:12:     layout_rooms, nicolae_figureground_pulse
Temple:   eino_temple_scatter_basement
Lair:1:   layout_cave_shapes, enter_volcano_4, serial_bayou_pond_b, uniq_joseph
Lair:2:   layout_gridlike, elwin_shoals_entry_rocks, gauntlet_entry_generic,
          ice2_lemuel, uniq_fannar, uniq_amaemon
Lair:3:   layout_loops_ring, lemuel_fruit_fields
Lair:4:   layout_concentric_octagons, minmay_snake_entry_six_corridors,
          grunt_megastairs_1, lemuel_fruit_fields, uniq_rupert, uniq_nessos
Lair:5:   layout_loops_ring, chequers_serial_rivers_micro_c,
          nicolae_quartered_pool_little, beast_lair_carwin_6,
          lemuel_fruit_fields, lemuel_fruit_tree, serial_bayou_shore_a
Lair:6:   minmay_lair_end_enchanted_forest, layout_gridlike, slime_dummy,
          uniq_snorg
Slime:1:  layout_caves
Orc:1:    layout_caves
Orc:2:    st_orc_mages, layout_caves, bloody_makhleb, uniq_josephine,
          uniq_azrael, uniq_saint_roka

Notes
Turn   | Place    | Note
-------+----------+-------------------------------------------
     0 | D:1      | mcwallace the Demonspawn Ice Elementalist began the quest
                  | for the Orb.
     0 | D:1      | Reached XP level 1. HP: 13/13 MP: 3/3
     0 | D:1      | magus.rc [v1.9.6]
   141 | D:1      | magus.rc [v1.9.6]
   912 | D:2      | Found Arphiod's Antique Weapon Shoppe.
   999 | D:2      | Reached skill level 2 in Dodging
  1093 | D:2      | Gained mutation: A weak demonic guardian rushes to your
                  | aid. [demonic ancestry]
  1093 | D:2      | Reached XP level 2. HP: 20/20 MP: 0/5
  1305 | D:2      | Noticed Sigmund
  1937 | D:3      | Reached skill level 1 in Fighting
  1937 | D:3      | Reached XP level 3. HP: 17/26 MP: 4/6
  1941 | D:3      | Learned a level 3 spell: Frozen Ramparts
  2084 | D:3      | Found a glowing drain.
  2115 | Sewer    | Entered a sewer
  2149 | Sewer    | Reached skill level 4 in Ice Magic
  2283 | Sewer    | Reached XP level 4. HP: 32/32 MP: 3/8
  2519 | Sewer    | Reached skill level 2 in Fighting
  2609 | Sewer    | Reached skill level 3 in Spellcasting
  2609 | Sewer    | Gained mutation: You have a pair of small antennae on your
                  | head. [demonic ancestry]
  2609 | Sewer    | Reached XP level 5. HP: 30/38 MP: 5/9
  2663 | Sewer    | Reached skill level 3 in Dodging
  3220 | D:3      | Found a faded altar of an unknown god.
  3243 | D:3      | You pick up a book of Displacement and begin reading...
  3243 | D:3      | You add the spells Lesser Beckoning, Gell's Gravitas and
                  | Teleport Other to your library.
  3470 | D:3      | Found an iron altar of Okawaru.
  3767 | D:4      | Noticed an orc warrior
  3785 | D:4      | Killed an orc warrior
  3786 | D:4      | Reached XP level 6. HP: 40/46 MP: 4/11
  3939 | D:4      | Reached skill level 3 in Fighting
  3967 | D:4      | HP: 11/47 [phantom (3)]
  3970 | D:4      | HP: 4/47 [phantom (6)]
  4051 | D:4      | Gained mutation: Spells you cast may paralyse adjacent
                  | enemies. [demonic ancestry]
  4051 | D:4      | Reached XP level 7. HP: 19/52 MP: 8/12
  4267 | D:4      | Reached skill level 5 in Ice Magic
  4472 | D:4      | You fall into a shaft and drop 2 floors!
  4481 | D:6      | Reached skill level 4 in Spellcasting
  4511 | D:6      | Reached skill level 4 in Dodging
  4558 | D:6      | Found Naotetog's Specific Store.
  4568 | D:6      | Found Nevoismy's General Store.
  4656 | D:6      | Reached skill level 4 in Fighting
  4721 | D:5      | Entered Level 5 of the Dungeon
  4721 | D:5      | Found an ornate altar of the Wu Jian Council.
  5804 | D:5      | Gained mutation: You have a pair of antennae on your head.
                  | [demonic ancestry]
  5804 | D:5      | Reached XP level 8. HP: 60/60 MP: 11/14
  5872 | D:5      | Found a radiant altar of Vehumet.
  5890 | D:5      | Reached skill level 1 in Armour
  6625 | D:5      | Became a worshipper of Vehumet
  6674 | D:6      | Noticed a two-headed ogre
  6859 | D:6      | Reached skill level 5 in Spellcasting
  7010 | D:6      | Found Biffawag's Magic Scroll Boutique.
  7013 | D:6      | Bought a scroll of identify for 20 gold pieces
  7013 | D:6      | Bought a scroll of identify for 20 gold pieces
  7013 | D:6      | Bought a scroll of identify for 20 gold pieces
  7059 | D:6      | Reached skill level 2 in Armour
  7059 | D:6      | Reached skill level 5 in Dodging
  7110 | D:6      | Reached skill level 5 in Fighting
  7110 | D:6      | Reached skill level 6 in Ice Magic
  7282 | D:6      | Noticed a two-headed ogre
  7569 | D:6      | Killed an unseen horror
  7570 | D:6      | Reached skill level 3 in Armour
  7570 | D:6      | Reached XP level 9. HP: 38/68 MP: 11/17
  7732 | D:6      | Killed a two-headed ogre
  7882 | D:6      | You add the spells Ignite Poison, Mephitic Cloud and
                  | Freezing Cloud to your library.
  7897 | D:6      | Learned a level 3 spell: Ozocubu's Armour
  8051 | D:7      | Reached skill level 6 in Fighting
  8089 | D:7      | Reached skill level 6 in Spellcasting
  8190 | D:7      | Reached skill level 6 in Dodging
  8190 | D:7      | Reached skill level 1 in Evocations
  8245 | D:7      | You add the spells Sting, Poisonous Vapours and Olgreb's
                  | Toxic Radiance to your library.
  8383 | D:7      | Reached skill level 1 in Conjurations
  8435 | D:7      | Found a staircase to the Ecumenical Temple.
  8483 | D:7      | Noticed Pikel
  8497 | D:7      | Killed Pikel
  8498 | D:7      | Reached skill level 4 in Armour
  8498 | D:7      | Reached skill level 2 in Evocations
  8593 | D:7      | Noticed a deep troll
  8594 | D:7      | Noticed a deep troll
  8609 | D:7      | HP: 11/70 [deep troll (10)]
  8612 | D:7      | Killed a deep troll
  8613 | D:7      | Reached skill level 2 in Conjurations
  8613 | D:7      | Reached XP level 10. HP: 13/77 MP: 16/19
  8666 | D:7      | HP: 18/77 [deep troll (7)]
  9162 | D:7      | Found Moikh's Armour Shop.
  9395 | D:8      | Found a staircase to the Lair.
  9503 | D:8      | Reached skill level 3 in Evocations
  9915 | D:8      | Noticed Maggie
  9922 | D:8      | Reached * piety under Vehumet
  9922 | D:8      | Offered knowledge of Foxfire by Vehumet.
  9926 | D:8      | Killed Maggie
  9927 | D:8      | Reached skill level 3 in Conjurations
 10272 | D:8      | Reached skill level 5 in Armour
 10281 | D:8      | Reached skill level 7 in Fighting
 10853 | D:9      | Found a staircase to the Orcish Mines.
 11275 | D:9      | Offered knowledge of Sandblast by Vehumet.
 11280 | D:9      | Reached ** piety under Vehumet
 11301 | D:9      | Identified the +0 robe of Waret {Int+4 Dex-2}
 11627 | D:9      | Reached skill level 7 in Dodging
 11627 | D:9      | Reached skill level 1 in Shields
 11667 | D:9      | Reached skill level 7 in Spellcasting
 11667 | D:9      | Reached skill level 7 in Ice Magic
 12054 | D:10     | Entered Level 10 of the Dungeon
 12065 | D:10     | Noticed a gargoyle
 12142 | Lair:1   | Entered Level 1 of the Lair of Beasts
 12160 | Lair:1   | You pick up a book of the Senses and begin reading...
 12160 | Lair:1   | You add the spells Dazzling Flash, Agony and Silence to
                  | your library.
 12193 | Lair:1   | Noticed a seven-headed hydra
 12275 | Lair:1   | Reached skill level 4 in Evocations
 12289 | Lair:1   | Gained mutation: You are partially covered in yellow
                  | scales. (AC +2) [demonic ancestry]
 12289 | Lair:1   | Reached XP level 11. HP: 48/84 MP: 17/21
 12295 | Lair:1   | Noticed a seven-headed hydra
 12357 | Lair:1   | Killed a seven-headed hydra
 12358 | Lair:1   | Reached skill level 4 in Conjurations
 12560 | Lair:1   | You add the spells Blink, Manifold Assault and Storm Form
                  | to your library.
 12579 | Lair:1   | Noticed Joseph
 12593 | Lair:1   | Killed Joseph
 12682 | Lair:1   | Reached skill level 2 in Shields
 12696 | Lair:1   | You pick up a book of Air and begin reading...
 12696 | Lair:1   | You add the spells Shock, Swiftness and Airstrike to your
                  | library.
 12796 | Lair:1   | Found a dark tunnel.
 12801 | Volcano  | Entered a volcano
 13540 | Volcano  | HP: 17/84 [lava snake/glob of lava (7)]
 14111 | Volcano  | Found a burning altar of Makhleb.
 14147 | Volcano  | Noticed a stone giant
 14294 | Volcano  | HP: 2/85 [stone giant (24)]
 14312 | Volcano  | Killed a stone giant
 14313 | Volcano  | Reached skill level 8 in Ice Magic
 15682 | Lair:2   | Found a gate leading to a gauntlet.
 15683 | Lair:2   | Noticed a five-headed hydra
 15690 | Lair:2   | Reached skill level 6 in Armour
 15698 | Lair:2   | Killed a five-headed hydra
 15699 | Lair:2   | Reached skill level 3 in Shields
 15699 | Lair:2   | Reached skill level 5 in Evocations
 15792 | Gauntlet | Entered a Gauntlet
 15792 | Gauntlet | Noticed a soul eater
 15792 | Gauntlet | Found a transporter.
 15792 | Gauntlet | Found a transporter.
 15792 | Gauntlet | Found a transporter.
 15873 | Gauntlet | Found a transporter.
 15876 | Gauntlet | Noticed a fire crab
 15883 | Gauntlet | Found a transporter.
 15887 | Gauntlet | Found a transporter.
 15899 | Gauntlet | Found a transporter.
 15986 | Gauntlet | Found a transporter.
 15990 | Gauntlet | Found a transporter.
 16013 | Gauntlet | Found a transporter.
 16013 | Gauntlet | Found a transporter.
 16018 | Gauntlet | Noticed a wolf spider
 16027 | Gauntlet | Found a transporter.
 16190 | Gauntlet | Reached skill level 8 in Fighting
 16198 | Gauntlet | Reached skill level 5 in Conjurations
 16298 | Gauntlet | Identified the +1 pair of boots of Jaits {Fly rF- rN+ rCorr
                  | Stlth+}
 16568 | Gauntlet | Offered knowledge of Conjure Flame by Vehumet.
 16700 | Gauntlet | Noticed a minotaur
 16712 | Gauntlet | HP: 18/86 [minotaur/silver javelin (24)]
 16731 | Gauntlet | HP: 9/86 [minotaur/silver javelin (33)]
 16731 | Gauntlet | HP: 1/86 [minotaur/silver javelin (8)]
 17321 | Lair:2   | Noticed Amaemon
 17374 | Lair:2   | Killed Amaemon
 17599 | Lair:2   | Reached XP level 12. HP: 82/93 MP: 23/23
 17662 | Lair:2   | Noticed Fannar
 17682 | Lair:2   | Killed Fannar
 17802 | Lair:2   | Reached skill level 9 in Ice Magic
 17868 | Lair:2   | Reached skill level 8 in Dodging
 17978 | Lair:2   | Noticed a boulder beetle
 17991 | Lair:2   | Killed a boulder beetle
 17992 | Lair:2   | Reached skill level 8 in Spellcasting
 18354 | Lair:2   | Reached *** piety under Vehumet
 18437 | Lair:2   | Found a staircase to the Shoals.
 18724 | Lair:3   | Noticed a four-headed hydra
 18727 | Lair:3   | Reached skill level 4 in Shields
 18738 | Lair:3   | Killed a four-headed hydra
 19169 | Lair:3   | Noticed a death yak
 19178 | Lair:3   | Noticed a death yak
 19187 | Lair:3   | Noticed a death yak
 19190 | Lair:3   | Killed a death yak
 19191 | Lair:3   | Reached skill level 6 in Conjurations
 19195 | Lair:3   | Noticed a seven-headed hydra
 19199 | Lair:3   | Killed a death yak
 19200 | Lair:3   | Killed a death yak
 19205 | Lair:3   | Killed a seven-headed hydra
 19206 | Lair:3   | Reached skill level 7 in Armour
 19517 | Lair:3   | Offered knowledge of Inner Flame by Vehumet.
 19760 | Lair:3   | Noticed a catoblepas
 19780 | Lair:3   | Killed a catoblepas
 19915 | Lair:3   | Reached skill level 9 in Fighting
 20333 | Lair:4   | Reached **** piety under Vehumet
 20337 | Lair:4   | Reached skill level 10 in Ice Magic
 20492 | Lair:4   | Noticed Rupert
 20509 | Lair:4   | Killed Rupert
 20510 | Lair:4   | Reached skill level 5 in Shields
 20538 | Lair:4   | Learned a level 3 spell: Inner Flame
 20554 | Lair:4   | Learned a level 5 spell: Freezing Cloud
 20620 | Lair:4   | Gained mutation: Spells you cast may paralyse nearby
                  | enemies. [demonic ancestry]
 20620 | Lair:4   | Reached XP level 13. HP: 92/101 MP: 20/25
 20623 | Lair:4   | magus.rc [v1.9.6]
 20678 | Lair:4   | Offered knowledge of Iskenderun's Battlesphere by Vehumet.
 21124 | Lair:4   | Found a staircase to the Snake Pit.
 21209 | Lair:4   | Reached skill level 7 in Conjurations
 21215 | Lair:4   | Learned a level 5 spell: Iskenderun's Battlesphere
 21715 | Lair:4   | Reached skill level 9 in Spellcasting
 22008 | Lair:5   | Reached skill level 9 in Dodging
 22214 | Lair:5   | Reached ***** piety under Vehumet
 22225 | Lair:5   | Offered knowledge of Starburst by Vehumet.
 22438 | Lair:5   | Reached skill level 11 in Ice Magic
 22569 | Lair:5   | Reached skill level 6 in Shields
 22872 | Lair:5   | Reached skill level 8 in Armour
 23662 | Lair:6   | Entered Level 6 of the Lair of Beasts
 23681 | Lair:5   | HP: 20/103 [poisoned by a cane toad]
 24000 | Lair:6   | Reached skill level 10 in Fighting
 24432 | Lair:5   | Reached skill level 8 in Conjurations
 24647 | Lair:6   | Reached XP level 14. HP: 95/110 MP: 23/27
 24967 | Lair:6   | Noticed Snorg
 24996 | Lair:6   | Killed Snorg
 25300 | Lair:6   | Found a staircase to the Slime Pits.
 25408 | Lair:6   | Reached skill level 12 in Ice Magic
 26198 | Lair:6   | Offered knowledge of Iron Shot by Vehumet.
 26199 | Lair:6   | Reached skill level 7 in Shields
 26897 | Lair:6   | Reached skill level 10 in Dodging
 27560 | D:11     | Noticed Erica
 27570 | D:11     | Killed Erica
 27707 | D:11     | Gained mutation: You are frail. (-10% HP) [a neqoxec]
 27709 | D:11     | Gained mutation: Your magical capacity is low. (-10% MP) [a
                  | neqoxec]
 27798 | D:11     | Noticed Sonja
 27800 | D:11     | Killed Sonja
 27988 | D:11     | Reached skill level 9 in Armour
 28049 | D:11     | You pick up a book of Blasting and begin reading...
 28049 | D:11     | You add the spells Fulminant Prism, Iskenderun's Mystic
                  | Blast and Lee's Rapid Deconstruction to your library.
 28365 | D:11     | You pick up a book of Dreams and begin reading...
 28365 | D:11     | You add the spells Ensorcelled Hibernation, Spider Form and
                  | Anguish to your library.
 28400 | D:12     | You pick up a book of Debilitation and begin reading...
 28400 | D:12     | You add the spells Slow, Vampiric Draining and Confusing
                  | Touch to your library.
 28422 | D:12     | Reached skill level 9 in Conjurations
 29163 | Orc:1    | Entered Level 1 of the Orcish Mines
 29169 | Orc:1    | Offered knowledge of Lightning Bolt by Vehumet.
 29295 | Orc:2    | Entered Level 2 of the Orcish Mines
 29296 | Orc:2    | Noticed Azrael
 29543 | Orc:2    | Noticed Josephine
 29544 | Orc:2    | Noticed Saint Roka
 29698 | Orc:2    | Noticed an orc warlord
 30038 | Orc:1    | Killed an orc warlord
 30045 | Orc:1    | Killed Josephine
 30046 | Orc:1    | HP: 22/99 [poisoned by Josephine]
 30051 | Orc:1    | HP: 13/99 [poisoned by Josephine]
 31251 | Orc:2    | HP: 24/99 [Azrael/damnation (31)]
 31252 | Orc:2    | Killed Azrael
 31253 | Orc:2    | Reached skill level 11 in Fighting
 31642 | D:6      | Bought a scroll of identify for 20 gold pieces
 31643 | D:6      | Lost mutation: Your magical capacity is low. (-10% MP)
                  | [potion of mutation]
 31643 | D:6      | Lost mutation: You are frail. (-10% HP) [potion of
                  | mutation]
 31643 | D:6      | Gained mutation: You expend magic power (3 MP) to
                  | strengthen your wands. [potion of mutation]
 31643 | D:6      | Gained mutation: Your spells are a little harder to cast,
                  | but a little more powerful. [potion of mutation]
 31643 | D:6      | Gained mutation: You have hidden genetic potential. [potion
                  | of mutation]
 32183 | Orc:2    | HP: 16/113 [Saint Roka/divine providence (14)]
 32184 | Orc:2    | Killed Saint Roka
 32185 | Orc:2    | Reached skill level 13 in Ice Magic
 32633 | Orc:2    | Gained mutation: You are frail. (-10% HP) [a neqoxec]
 32669 | Orc:2    | Reached XP level 15. HP: 77/106 MP: 7/28
 32714 | Orc:2    | Paralysed by an orc sorcerer for 6 turns
 32979 | Orc:2    | Identified the +3 whip of Quahihei {venom, rPois Will++}
 33026 | Orc:2    | Offered knowledge of Ozocubu's Refrigeration by Vehumet.
 33117 | Orc:2    | Learned a level 7 spell: Ozocubu's Refrigeration
 33404 | Orc:2    | Found a burning altar of Makhleb.
 33838 | Orc:2    | Found Zoony's Book Boutique.
 33838 | Orc:2    | Found Roigun's Assorted Antiques.
 33839 | Orc:2    | Found Ewnitzoi's Distillery.
 33843 | Orc:2    | Found Ituz's Armour Shop.
 33847 | Orc:2    | Bought a scroll of identify for 54 gold pieces
 33849 | Orc:2    | Bought 2 potions of mutation for 176 gold pieces
 33849 | Orc:2    | Bought a potion of heal wounds for 55 gold pieces
 33849 | Orc:2    | Lost mutation: Your spells are a little harder to cast, but
                  | a little more powerful. [potion of mutation]
 33849 | Orc:2    | Lost mutation: You expend magic power (3 MP) to strengthen
                  | your wands. [potion of mutation]
 33849 | Orc:2    | Gained mutation: Your spells are a little harder to cast,
                  | but a little more powerful. [potion of mutation]
 33849 | Orc:2    | Gained mutation: You have sharp toenails. [potion of
                  | mutation]
 33852 | Orc:2    | Lost mutation: Your spells are a little harder to cast, but
                  | a little more powerful. [potion of mutation]
 33852 | Orc:2    | Lost mutation: You have hidden genetic potential. [potion
                  | of mutation]
 33852 | Orc:2    | Lost mutation: You have sharp toenails. [potion of
                  | mutation]
 33852 | Orc:2    | Gained mutation: Your flesh is heat resistant. (rF+)
                  | [potion of mutation]
 33852 | Orc:2    | Gained mutation: You tend to lose your temper in combat.
                  | [potion of mutation]
 33852 | Orc:2    | Gained mutation: You are clumsy. (Dex -2) [potion of
                  | mutation]
 33957 | Orc:2    | Found a staircase to the Elven Halls.
 34349 | Slime:1  | Entered Level 1 of the Pits of Slime
 34349 | Slime:1  | Noticed a rockslime
 34519 | Temple   | Entered the Ecumenical Temple
 35158 | Lair:6   | HP: 19/107 [rockslime (26)]
 35563 | Lair:6   | HP: 26/107 [quicksilver ooze (5)]
 35570 | Lair:6   | Slain by a rockslime

Vanquished Creatures
  Saint Roka (Orc:2)
  Rupert (Lair:4)
  An orc warlord (Orc:1)
  A stone giant (Volcano)
  Azrael (Orc:2)
  Snorg (Lair:6)
  Josephine (Orc:1)
  9 hydras
  2 boulder beetles
  A catoblepas (Lair:3)
  Erica (D:11)
  3 two-headed ogres
  3 death yaks (Lair:3)
  Amaemon (Lair:2)
  4 orc high priests (Orc:2)
  Sonja (D:11)
  A deep troll (D:7)
  Pikel (D:7)
  An orc sorcerer (Orc:2)
  A deep elf pyromancer (D:12)
  A cyclops (D:11)
  11 black mambas
  11 elephants
  Joseph (Lair:1)
  An orange demon (Lair:2)
  2 molten gargoyles (Volcano)
  2 unseen horrors
  Maggie (D:8)
  6 cane toads
  7 komodo dragons
  A kobold demonologist (D:11)
  An efreet (Volcano)
  3 trolls
  7 polar bears
  5 hornets
  22 blink frogs
  7 dream sheep
  A slime creature (Lair:6)
  2 vampires
  11 spriggans
  4 wraiths
  29 yaks
  8 shadows
  4 wyverns
  9 fire elementals
  6 fire bats
  5 basilisks
  A steam dragon (D:9)
  5 wargs
  24 water moccasins
  A hell hound (Orc:2)
  6 ice beasts
  20 orc warriors
  7 black bears
  A sky beast (D:7)
  4 centaurs
  7 ogres
  36 wolves
  5 boggarts
  2 lemures (D:7)
  A kobold brigand (D:11)
  A phantom (D:4)
  14 bullfrogs
  An earth elemental (Volcano)
  4 scorpions
  A water moccasin skeleton (D:5)
  2 howler monkeys
  7 wights (D:8)
  An electric eel (Lair:2)
  5 jellies
  8 lava snakes (Volcano)
  A bullfrog skeleton (D:4)
  4 centaur zombies
  22 orc priests
  3 hounds
  3 iguanas
  27 orc wizards
  A merfolk siren (Sewer)
  7 hell rats (Lair:3)
  A merfolk avatar (Sewer)
  A hound skeleton (D:4)
  2 howler monkey zombies
  A howler monkey skeleton (D:5)
  11 adders
  3 river rats (Sewer)
  A shadow imp (D:8)
  2 white imps
  3 worms (D:3)
  51 orcs
  3 endoplasms
  A giant cockroach (D:4)
  6 goblins
  7 hobgoblins
  3 jackals (D:3)
  6 quokkas
  10 ball pythons
  A bat (D:3)
  7 frilled lizards
  11 kobolds
  25 rats
592 creatures vanquished.

Vanquished Creatures (collateral kills)
  Fannar (Lair:2)
  A hydra (Lair:1)
  2 yaks
  A water moccasin (Lair:1)
  An ice beast (Lair:2)
  A wolf (Lair:6)
  An earth elemental (Volcano)
  A lava snake (Volcano)
  An orc priest (Orc:2)
  A killer bee zombie (D:7)
  A white imp (Lair:2)
  An orc (D:9)
13 creatures vanquished.

Vanquished Creatures (others)
  2 slime creatures (Lair:6)
  A warg (Orc:2)
  2 orc priests (Orc:2)
  An orc wizard (Orc:2)
  68 fungi
  97 plants
  3 withered plants (Gauntlet)
174 creatures vanquished.

Grand Total: 779 creatures vanquished

Table legend:
 A = Non-vault XP
 B = Vault XP
 C = Vault XP percentage of total XP
 D = Non-vault monster count
 E = Vault monster count
 F = Vault count percentage of total count
                 A         B        C        D         E       F
            +---------+---------+-------+---------+---------+-------
      Total |   61300 |   45787 |  42.8 |     345 |     259 |  42.9
            +---------+---------+-------+---------+---------+-------
        D:1 |       8 |       0 |   0.0 |       5 |       0 |   0.0
        D:2 |      17 |       0 |   0.0 |       3 |       0 |   0.0
        D:3 |      66 |      15 |  18.5 |      19 |       3 |  13.6
        D:4 |     608 |      13 |   2.1 |      25 |       7 |  21.9
        D:5 |     457 |       0 |   0.0 |      11 |       0 |   0.0
        D:6 |     764 |    1784 |  70.0 |      13 |       6 |  31.6
        D:7 |     901 |    1353 |  60.0 |      15 |       2 |  11.8
        D:8 |    1500 |     857 |  36.4 |      29 |       6 |  17.1
        D:9 |     983 |     197 |  16.7 |      10 |       8 |  44.4
       D:11 |    4898 |    1608 |  24.7 |      17 |       2 |  10.5
       D:12 |    3329 |       0 |   0.0 |      15 |       0 |   0.0
     Lair:1 |    2698 |     455 |  14.4 |       9 |       1 |  10.0
     Lair:2 |    3146 |    3122 |  49.8 |       8 |      11 |  57.9
     Lair:3 |    8921 |       0 |   0.0 |      31 |       0 |   0.0
     Lair:4 |    6733 |    6360 |  48.6 |      29 |      22 |  43.1
     Lair:5 |   11770 |    3090 |  20.8 |      35 |      16 |  31.4
     Lair:6 |   10689 |    7558 |  41.4 |      39 |      36 |  48.0
      Orc:1 |    2329 |    3412 |  59.4 |      10 |      20 |  66.7
      Orc:2 |    1483 |    9748 |  86.8 |      22 |      45 |  67.2
      Sewer |       0 |     204 | 100.0 |       0 |      44 | 100.0
    Volcano |       0 |    3689 | 100.0 |       0 |      19 | 100.0
   Gauntlet |       0 |    2322 | 100.0 |       0 |      11 | 100.0
            +---------+---------+-------+---------+---------+-------

Illustrated notes

Table legend:
 A = Kills in this place as a percentage of kills in entire the game.
 B = Kills by you in this place as a percentage of kills by you in the entire game.
 C = Kills by friends in this place as a percentage of kills by friends in the entire game.
 D = Other kills in this place as a percentage of other kills in the entire game.
 E = Experience gained in this place as a percentage of experience gained in the entire game.
 F = Experience gained in this place divided by the number of levels of this place that you have seen.
                   A       B       C       D       E      F
               +-------+-------+-------+-------+-------+----------------------
         Total | 100.0 | 100.0 | 100.0 | 100.0 | 100.0 | 4283.5
       Dungeon |  32.5 |  32.9 |  15.4 |   0.0 |  18.1 | 1613.2
          Lair |  39.2 |  38.6 |  61.5 | 100.0 |  60.3 | 10757.0
  Orcish Mines |  16.1 |  16.3 |   7.7 |   0.0 |  15.8 | 8486.0
         Sewer |   7.3 |   7.5 |   0.0 |   0.0 |   0.2 | 204.0
       Volcano |   3.1 |   2.9 |  15.4 |   0.0 |   3.4 | 3689.0
      Gauntlet |   1.8 |   1.9 |   0.0 |   0.0 |   2.2 | 2322.0
               +-------+-------+-------+-------+-------+----------------------

Table legend: (Time is in decaauts)
 A = Elapsed time spent in this place.
 B = Non-inter-level travel time spent in this place.
 C = Inter-level travel time spent in this place.
 D = Time resting spent in this place.
 E = Time spent auto-exploring this place.
 F = Levels seen in this place.
 G = Mean time per level.
                   A        B        C        D        E       F      G
               +--------+--------+--------+--------+--------+-----+--------+
         Total |  36034 |  33376 |   2658 |  10478 |  14152 |  25 | 1441.4 |
       Dungeon |  13690 |  12083 |   1607 |   1623 |   7325 |  12 | 1140.8 |
        Temple |    174 |    156 |     18 |      0 |    140 |   1 |  174.0 |
          Lair |  13011 |  12075 |    936 |   4011 |   5117 |   6 | 2168.5 |
    Slime Pits |      4 |      4 |      0 |      0 |      0 |   1 |    4.0 |
  Orcish Mines |   4835 |   4739 |     96 |   2937 |    840 |   2 | 2417.5 |
         Sewer |    980 |    980 |      0 |    333 |     86 |   1 |  980.0 |
       Volcano |   2378 |   2378 |      0 |   1193 |    456 |   1 | 2378.0 |
      Gauntlet |    958 |    958 |      0 |    381 |    188 |   1 |  958.0 |
               +--------+--------+--------+--------+--------+-----+--------+

Top non-repeatable levels by time:
  Lair:6: 3554 daAuts
   Orc:1: 2746 daAuts
  Lair:5: 2518 daAuts
 Volcano: 2378 daAuts
   Orc:2: 2089 daAuts
  Lair:2: 1991 daAuts
  Lair:4: 1800 daAuts
     D:8: 1672 daAuts
     D:7: 1667 daAuts
  Lair:3: 1648 daAuts
     D:6: 1634 daAuts
     D:4: 1612 daAuts
  Lair:1: 1496 daAuts
     D:5: 1208 daAuts
     D:9: 1201 daAuts
